 Dungeon Crawl Stone Soup version 0.21-a0-39-g28ea6b7 (webtiles) character file.

61 KristoblXynda the Sneak (level 3, -1/16 HPs)
             Began as a Spriggan Enchanter on June 1, 2017.
             Was an Initiate of Ashenzari.
             Killed from afar by a dart slug (5 damage)
             ... with a slug dart
             ... on level 2 of the Dungeon.
             The game lasted 00:04:38 (2692 turns).

KristoblXynda the Sneak (Spriggan Enchanter)        Turns: 2692, Time: 00:04:38

Health: -1/16      AC:  2    Str:  5    XL:     3   Next: 83%
Magic:  4/8        EV: 18    Int: 16    God:    Ashenzari [......]
Gold:   55         SH:  0    Dex: 16    Spells: 2/8 levels left

rFire    . . .     SeeInvis +   a - +1 dagger (curse)
rCold    . . .     Gourm    .   (shield restricted)
rNeg     . . .     Faith    .   b - +0 robe
rPois    .         Spirit   .   (helmet restricted)
rElec    .         Reflect  .   (no cloak)
rCorr    .         Harm     .   (gloves unavailable)
MR       .....                  (boots unavailable)
Stlth    +++.......             (no amulet)
Regen    0.1/turn               (no ring)
MPRegen  0.2/turn               (no ring)

@: very quick
A: unfitting armour, see invisible, herbivore 3, speed 3, slow metabolism 2
a: Curse Item, Renounce Religion


You were on level 2 of the Dungeon.
You worshipped Ashenzari.
Ashenzari was noncommittal.
You were not hungry.

You visited 1 branch of the dungeon, and saw 2 of its levels.

You collected 55 gold pieces.

Inventory:

Hand Weapons
 a - a cursed +1 dagger (weapon)
Armour
 b - a +0 robe (worn)
 o - a +0 buckler
Scrolls
 f - a scroll of teleportation {unknown}
 g - a scroll of amnesia {unknown}
 h - a scroll of noise {unknown}
 l - 3 scrolls of identify {unknown}
 m - a scroll of immolation {unknown}
 n - a scroll of recharging {unknown}
Potions
 e - a potion of lignification {unknown}
 i - 2 potions of curing {unknown}
 j - a potion of invisibility {unknown}
 k - a potion of haste {unknown}
Books
 c - a book of Maledictions

   Spells                             Type                      Level
   a - Corona                         Hexes                        1
   b - Ensorcelled Hibernation        Hexes/Ice                    2
   c - Confuse                        Hexes                        3
   d - Tukima's Dance                 Hexes                        3
   e - Dazzling Spray                 Conjuration/Hexes            3
Comestibles
 d - 3 bread rations


   Skills:
 - Level 1.1 Short Blades
 - Level 3.0 Dodging
 + Level 6.0 Stealth
 + Level 3.4 Spellcasting
 + Level 4.3 Hexes


You had 2 spell levels left.
You knew the following spells:

 Your Spells              Type           Power        Failure   Level  Hunger
a - Corona                Hex            ###....      3%          1    None
b - Ensorcelled Hibernat  Hex/Ice        #.....       11%         2    ##.....
c - Confuse               Hex            ###.....     9%          3    ###....


Dungeon Overview and Level Annotations

Branches:
Dungeon (2/15)

Altars:
Ashenzari
Cheibriados
Dithmenos
Elyvilon
Fedhas
Kikubaaqudgha
Vehumet
Xom


Innate Abilities, Weirdness & Mutations

You are very small and have problems with some larger weapons.
You are too small for most types of armour.
You have supernaturally acute eyesight. (SInv)
You are a herbivore.
You cover ground extremely quickly.
You need consume almost no food.


Message History

A dart slug is nearby!
A dart slug is nearby!
You hit the dart slug but do no damage. The dart slug misses you.
You hit the dart slug.
The dart slug is heavily wounded.
You hit the dart slug.
The dart slug is heavily wounded.
The dart slug barely misses you.
You hit the dart slug but do no damage.
The dart slug is heavily wounded.
The dart slug launches a dart at you. The slug dart hits you!
* * * LOW HITPOINT WARNING * * *
You hit the dart slug.
The dart slug is severely wounded.
You hit the dart slug.
The dart slug is almost dead.
The dart slug launches a dart at you. The slug dart hits you!
You die...

....[........#
.............#
.....##..##..# ###
.............###.#
............>..#.#
#..####.##.###.#.#
...####.##.# #.#.#
........##.###.#w#
...####.....)..#@#
.................#
...#######.......#
...###############
......†...##
...........#
.####.####.####
...............
.####.#........


You could see a dart slug.

Vanquished Creatures
  An ooze (D:2)
  2 worms (D:2)
  2 leopard geckos
  4 giant cockroaches (D:1)
  5 goblins
  5 hobgoblins (D:1)
  6 jackals (D:2)
  5 kobolds
  A ball python (D:2)
  5 bats
  2 frilled lizards (D:1)
  7 rats
45 creatures vanquished.

Notes
Turn   | Place    | Note
-------+----------+-------------------------------------------
     0 | D:1      | KristoblXynda the Spriggan Enchanter began the quest for the Orb.
     0 | D:1      | Reached XP level 1. HP: 9/9 MP: 5/5
   532 | D:1      | Reached skill level 5 in Stealth
   584 | D:1      | Reached XP level 2. HP: 5/13 MP: 6/6
   949 | D:1      | Learned a level 2 spell: Ensorcelled Hibernation
  1706 | D:1      | Reached XP level 3. HP: 16/16 MP: 5/8
  1772 | D:1      | Learned a level 3 spell: Confuse
  2229 | D:2      | Found a snail-covered altar of Cheibriados.
  2238 | D:2      | Found a shadowy altar of Dithmenos.
  2240 | D:2      | Found a blossoming altar of Fedhas.
  2240 | D:2      | Found a shattered altar of Ashenzari.
  2240 | D:2      | Found an ancient bone altar of Kikubaaqudgha.
  2241 | D:2      | Found a radiant altar of Vehumet.
  2243 | D:2      | Found a white marble altar of Elyvilon.
  2244 | D:2      | Found a shimmering altar of Xom.
  2248 | D:2      | Became a worshipper of Ashenzari the Shackled
  2681 | D:2      | Reached skill level 6 in Stealth
  2692 | D:2      | Killed from afar by a dart slug

Vault maps used:
D:1:      mainiacjoe_arrival_reflecting_pool
D:2:      minitemple

Skill      XL: |  1  2  3 |
---------------+----------+-----
Stealth        | 5 6 |  6.0
Spellcasting   | 3 |  3.4
Hexes          | 4 |  4.3
Short Blades   | |  1.1
Dodging        | |  3.0

Action                   || total
-------------------------++-------
Melee: Dagger            ||   202
 Cast: Ensorcelled Hiber ||    20
Invok: Curse Item        ||     1
 Stab: Sleeping          ||    20
  Eat: Royal jelly       ||     1
Armor: Robe              ||    19
Dodge: Dodged            ||   166
